 Dungeon Crawl Stone Soup version 0.31.0-11-ge490571c62 (webtiles) character file.

Game seed: 6548747189150078163

125 Gadfly the Insei (level 4, -2/35 HPs)
             Began as a Demonspawn Monk on Feb 3, 2024.
             Splashed by a jelly's acid (10 damage)
             ... on level 3 of the Dungeon.
             The game lasted 00:02:35 (1640 turns).

Gadfly the Insei (Demonspawn Monk)                  Turns: 1640, Time: 00:02:36

Health: -2/35      AC: -12   Str: 14    XL:     4   Next: 82%
Magic:  4/4        EV: 10    Int: 10    God:
Gold:   93         SH:  0    Dex: 15    Spells: 3/3 levels left

rFire   . . .        b - +0 flail (venom)
rCold   . . .        (no shield)
rNeg    . . .        a - +1 robe
rPois   .            (helmet restricted)
rElec   .            (no cloak)
rCorr   .            (no gloves)
SInv    +            h - +0 pair of boots
Will    .....        (no amulet)
Stlth   +            i - ring of see invisible
HPRegen 0.25/turn    (no ring)
MPRegen 0.09/turn

%: no passive effects
@: confused, ambrosia-drunk, corroded, constricted
A: horns 1, powered by pain 1, demonic touch 1
a: no special abilities


You were on level 3 of the Dungeon.
You visited 1 branch of the dungeon, and saw 3 of its levels.

You collected 93 gold pieces.

Inventory:

Hand Weapons
 b - a +0 flail of venom (weapon)
Armour
 a - a +1 robe (worn)
 c - an orb of light
 h - a +0 pair of boots (worn)
Jewellery
 i - a ring of see invisible (left hand)
Talismans
 f - a serpent talisman
Potions
 e - a potion of might
 g - a potion of enlightenment
 m - 2 potions of heal wounds


   Skills:
 - Level 3.0 Fighting
 + Level 3.1 Dodging
 * Level 3.5 Unarmed Combat
 * Level 2.2 Evocations
 * Level 1.8 Shapeshifting


You had 3 spell levels left.
You didn't know any spells.
Your spell library was empty.

Dungeon Overview and Level Annotations

Branches:
Dungeon (3/15)

Altars:
Sif Muna


Innate Abilities, Weirdness & Mutations

You have a pair of small horns on your head.
You sometimes gain a little power by taking damage.
Your touch may inflict minor irresistible damage on your foes.


Message History

You are too injured to fight recklessly!
You are too injured to fight recklessly!
You are too injured to fight recklessly!
You are too injured to fight recklessly!
You are too injured to fight recklessly!
You are too injured to fight recklessly!
You are too injured to fight recklessly!
You are too injured to fight recklessly!
You are too injured to fight recklessly!
You are too injured to fight recklessly!
You are too injured to fight recklessly!
You are too injured to fight recklessly!
You are too injured to fight recklessly!
You are too injured to fight recklessly!
You are too injured to fight recklessly!
Unknown command.
There is a stone staircase leading up here.
Found a robe.
The goblin attacks as it pursues you! The goblin hits you with a +0 dagger.
* * * LOW HITPOINT WARNING * * *
The goblin attacks as it pursues you! The goblin hits you with a +0 dagger.
* * * LOW HITPOINT WARNING * * *
You hit the goblin.
The goblin is moderately wounded.
The goblin hits you with a +0 dagger.
* * * LOW HITPOINT WARNING * * *
You are confused.
You feel invigorated. The goblin hits you with a +0 dagger.
* * * LOW HITPOINT WARNING * * *
The ball python closely misses you. x2
You barely miss the goblin. Your headbutt misses the goblin.
You touch the goblin.
You kill the goblin!
The ball python misses you. The ball python grabs you.
The ball python constricts you.
* * * LOW HITPOINT WARNING * * *
The jelly hits you.
* * * LOW HITPOINT WARNING * * *
The acid corrodes you!
You are splashed with acid!
You die...

. ...#......#.#..
... #.#>..?..#....
....#........#....
..................
........<........
......#...#..###
.........S...#
..........#J##
#.......#.#@#
+.......+.S...#
#.......#.#.#.#
.......#.#...#
..... #.### # #.


You could see a jelly and a ball python.

Vanquished Creatures
  6 gnolls (D:2)
  2 adders (D:2)
  2 ribbon worms (D:2)
  3 bats (D:1)
  5 endoplasms
  2 giant cockroaches (D:1)
  4 goblins
  4 hobgoblins
  2 jackals (D:2)
  4 kobolds
  A quokka (D:1)
  6 ball pythons
  3 frilled lizards
  5 rats (D:1)
49 creatures vanquished.

Notes
Turn   | Place    | Note
-------+----------+-------------------------------------------
     0 | D:1      | Gadfly the Demonspawn Monk began the quest for the Orb.
     0 | D:1      | Reached XP level 1. HP: 18/18 MP: 1/1
    77 | D:1      | Discovered your monstrous ancestry.
    77 | D:1      | Gained mutation: Your touch may inflict minor irresistible
                  | damage on your foes. [demonic ancestry]
    77 | D:1      | Reached XP level 2. HP: 24/24 MP: 2/2
   306 | D:1      | Reached skill level 1 in Evocations
   505 | D:1      | Reached skill level 1 in Shapeshifting
   824 | D:2      | Gained mutation: You have a pair of small horns on your
                  | head. [demonic ancestry]
   824 | D:2      | Reached XP level 3. HP: 29/29 MP: 3/3
  1041 | D:2      | Gained mutation: You sometimes gain a little power by
                  | taking damage. [demonic ancestry]
  1041 | D:2      | Reached XP level 4. HP: 15/35 MP: 4/4
  1351 | D:2      | Found a shimmering blue altar of Sif Muna.
  1640 | D:3      | Splashed by a jelly's acid

Illustrated notes

Levels and vault maps discovered:
D:1:      dpeg_arrival_pits, layout_basic, chequers_serial_rivers_small_b
D:2:      layout_loops_ring, basic_altar
D:3:      minmay_chambers_of_twos, layout_basic

Skill      XL: |  1  2  3  4 |
---------------+-------------+-----
Evocations     | 1 2 |  2.2
Unarmed Combat | 3 |  3.5
Shapeshifting  | 1 |  1.8
Dodging        | 3 |  3.1
Fighting       | |  3.0

Action                     |  1- 3 |  4- 6 || total
---------------------------+-------+-------++-------
  Melee: Unarmed           |   101 |    31 ||   132
         Touch             |     7 |     7 ||    14
         Headbutt          |     6 |     5 ||    11
         Punch             |     2 |       ||     2
         Flail             |       |     8 ||     8
    Use: Scroll            |     4 |     4 ||     8
         Potion            |       |     1 ||     1
   Stab: Sleeping          |       |     2 ||     2
 Armour: Robe              |    32 |    23 ||    55
  Dodge: Dodged            |    61 |    20 ||    81
